AoeStats
← theodb

Fortress

510194426Analyzed
4v4 RM · 2d ago on Sep 29, 2026· 42m 6s· 8 players
Game mode
Random Map
Map size
Huge
Population
200
Speed
Normal
Resources
Standard
Victory
Conquest
Starting age
Dark Age
Ending age
Imperial Age
RankedLock teamsTeams togetherTeam positionsShared explorationLock speedFull tech treeHidden civsTurbo modeCheats
Victory
Defeat
🇺🇸 Goths · United States
1045
+14
🇺🇸 Franks · United States
1018
+15
🇺🇸 Khmer · United States
1010
+15
🇺🇸 Lithuanians · United States
972
+17
🇧🇷 Bulgarians · Brazil
1061
-18
🇵🇪 Franks · Peru
985
-15
🇨🇱 Persians · Chile
972
-14
🇺🇦 Slavs · Ukraine
965
-14
I THS I
7:45 Feudal Age
8:46 Double-Bit Axe
12:50 Castle Age
11:39 Horse Collar
13:34 Heavy Plow
14:05 Bow Saw
14:46 Loom
19:27 Wheelbarrow
21:28 Gold Mining
21:28 Stone Mining
23:10 Hand Cart
26:22 Fletching
26:33 Padded Archer Armor
27:13 Forging
27:10 Scale Barding Armor
27:52 Bodkin Arrow
29:45 Leather Archer Armor
29:51 Chain Barding Armor
30:06 Iron Casting
30:58 Gold Shaft Mining
30:59 Stone Shaft Mining
30:30 Scale Mail Armor
31:22 Ballistics
33:44 Imperial Age
33:19 Chain Mail Armor
33:45 Heavy Scorpion
34:30 Double Crossbow
34:55 Conscription
34:37 Tusk Swords
35:23 Bracer
35:54 Ring Archer Armor
36:00 Plate Barding Armor
36:25 Blast Furnace
36:18 Capped Ram
37:37 Siege Engineers
38:13 Siege Ram
HowManyMustDie
2:07 Loom
5:38 Loom
8:33 Feudal Age
10:25 Wheelbarrow
14:09 Castle Age
12:43 Double-Bit Axe
12:52 Horse Collar
15:51 Hand Cart
17:13 Hand Cart
17:54 Bow Saw
18:14 Fervor
21:19 Heavy Plow
24:10 Stone Mining
30:25 Imperial Age
29:36 Fletching
31:16 Elite Leitis
32:17 Conscription
32:51 Bloodlines
32:41 Husbandry
32:03 Light Cavalry
32:54 Scale Barding Armor
32:56 Caravan
33:27 Coinage
34:01 Chain Barding Armor
36:44 Plate Barding Armor
35:45 Winged Hussar
38:41 Two-Man Saw
38:21 Bodkin Arrow
39:20 Banking
39:01 Guilds
39:39 Bracer
42:27 Murder Holes
42:55 Ballistics
42:44 Padded Archer Armor
theodb
7:37 Feudal Age
11:20 Castle Age
10:21 Double-Bit Axe
11:04 Scale Barding Armor
11:52 Wheelbarrow
14:13 Bow Saw
14:39 Loom
18:19 Hand Cart
18:19 Town Watch
19:02 Husbandry
29:05 Imperial Age
27:50 Chain Barding Armor
28:30 Forging
28:21 Gold Mining
28:29 Stone Mining
29:49 Town Patrol
29:16 Cavalier
32:28 Plate Barding Armor
33:28 Iron Casting
35:54 Blast Furnace
36:02 Paladin
37:43 Chivalry
38:04 Conscription
41:09 Block Printing
41:05 Fervor
41:17 Sanctity
ask
8:26 Feudal Age
10:01 Double-Bit Axe
10:02 Horse Collar
13:09 Castle Age
12:55 Scale Mail Armor
14:15 Bow Saw
19:32 Loom
20:55 Wheelbarrow
22:17 Hand Cart
24:23 Gold Mining
27:57 Imperial Age
25:08 Pikeman
26:07 Squires
26:24 Chain Mail Armor
26:22 Forging
27:57 Halberdier
28:04 Capped Ram
30:28 Conscription
36:50 Perfusion
39:54 Iron Casting
TaniaTequilaFromDushanbe
4:32 Loom
8:05 Feudal Age
9:03 Double-Bit Axe
9:02 Horse Collar
12:28 Town Watch
16:15 Castle Age
15:15 Forging
15:06 Scale Mail Armor
16:18 Pikeman
17:20 Chain Mail Armor
17:41 Iron Casting
17:32 Squires
17:54 Heavy Plow
21:49 Fletching
24:32 Wheelbarrow
24:32 Fortified Wall
33:05 Imperial Age
32:24 Masonry
32:13 Bodkin Arrow
34:24 Hand Cart
34:40 Conscription
34:40 Bow Saw
33:58 Halberdier
35:44 Blast Furnace
35:14 Plate Mail Armor
34:48 Druzhina
34:59 Murder Holes
36:05 Chemistry
37:56 Gold Mining
37:58 Stone Mining
39:38 Gold Shaft Mining
Bakumian
7:37 Feudal Age
6:14 Loom
8:22 Horse Collar
8:28 Double-Bit Axe
14:51 Castle Age
12:46 Gold Mining
13:33 Scale Barding Armor
15:58 Forging
17:26 Wheelbarrow
19:13 Bow Saw
26:26 Iron Casting
27:53 Heavy Plow
29:44 Chain Barding Armor
29:52 Hand Cart
30:04 Stone Mining
35:29 Imperial Age
35:15 Elite War Elephant
37:00 Blast Furnace
36:36 Plate Barding Armor
Luizin
8:29 Feudal Age
9:19 Double-Bit Axe
9:23 Horse Collar
15:11 Castle Age
17:13 Wheelbarrow
18:20 Forging
18:16 Scale Barding Armor
18:13 Scale Mail Armor
18:35 Bow Saw
18:28 Heavy Plow
21:25 Loom
21:55 Hand Cart
21:25 Town Watch
23:55 Iron Casting
23:40 Chain Barding Armor
26:02 Chain Mail Armor
25:39 Fletching
28:08 Gold Mining
28:12 Stone Mining
29:54 Town Patrol
33:12 Imperial Age
31:48 Bodkin Arrow
34:09 Gold Shaft Mining
34:11 Stone Shaft Mining
34:30 Conscription
36:59 Blast Furnace
36:34 Plate Barding Armor
36:00 Stirrups
37:39 Elite Konnik
Juminican
6:57 Loom
8:42 Feudal Age
7:32 Loom
10:41 Double-Bit Axe
13:49 Castle Age
12:33 Gold Mining
13:23 Stone Mining
14:45 Forging
14:42 Scale Barding Armor
15:26 Husbandry
16:48 Iron Casting
16:40 Scale Mail Armor
18:38 Town Watch
19:27 Fortified Wall
22:32 Wheelbarrow
23:01 Bow Saw
24:15 Gold Shaft Mining
25:39 Fletching
26:10 Chain Barding Armor
28:35 Imperial Age
27:22 Hand Cart
27:08 Town Patrol
28:51 Chain Mail Armor
28:32 Bodkin Arrow
28:39 Padded Archer Armor
28:39 Cavalier
29:58 Plate Barding Armor
30:27 Blast Furnace
31:17 Chemistry
30:37 Ballistics
Connection lost

Rejoining the realm…

Still unreachable

The connection could not be restored.

Session expired

The server has moved on; the page needs a fresh start.